SA
HIGHWOOD HAWKS @ WALLA WALLA WALLEYE
06/30/2022
 
TOP OF THE 1ST
Highwood Hawks batting - Pitching for Walla Walla Walleye : RHP Jesús Hernández
Pitching: RHP Jesús Hernández
Batting: RHB Marcox Fiadeiro 0-0: Fly out, F7 (Flyball, 7S)
Batting: RHB Oscar Stephens 0-0: Called Strike
0-1: Called Strike
0-2: Foul Ball, location: 2F
0-2: Ball
1-2: Strikes out swinging
Batting: RHB Luis Jelarde 0-0: Called Strike
0-1: Ball
1-1: Foul Ball, location: 2F
1-2: Ground out 1-3 (Groundball, 15S)
Top of the 1st over - 0 run(s), 0 hit(s), 0 error(s), 0 left on base; Highwood 0 - Walla Walla 0
BOTTOM OF THE 1ST
Walla Walla Walleye batting - Pitching for Highwood Hawks : RHP Tom Bass
Pitching: RHP Tom Bass
Batting: RHB Warren Willis 0-0: Ball
1-0: Ball
2-0: Bunt for hit - play at first, batter OUT! 4-3
Batting: RHB Gaston Waller 0-0: Fly out, F8 (Flyball, 8RM)
Batting: RHB Mario Piña 0-0: Ball
1-0: Swinging Strike
1-1: Fly out, F8 (Line Drive, 8RM)
Bottom of the 1st over - 0 run(s), 0 hit(s), 0 error(s), 0 left on base; Highwood 0 - Walla Walla 0
TOP OF THE 2ND
Highwood Hawks batting - Pitching for Walla Walla Walleye : RHP Jesús Hernández
Batting: LHB Jeff Rutherford 0-0: Called Strike
0-1: Foul Ball, location: 2F
0-2: Ball
1-2: Ground out 4-3 (Groundball, 4S)
Batting: RHB Geoffrey Broekhuizen 0-0: Foul Ball, location: 2F
0-1: Called Strike
0-2: Ball
1-2: Ball
2-2: Strikes out looking
Batting: RHB Derrek Church 0-0: Ball
1-0: Called Strike
1-1: Fly out, F6 (Popup, 5DF)
Top of the 2nd over - 0 run(s), 0 hit(s), 0 error(s), 0 left on base; Highwood 0 - Walla Walla 0
BOTTOM OF THE 2ND
Walla Walla Walleye batting - Pitching for Highwood Hawks : RHP Tom Bass
Batting: RHB Hieu De 0-0: Ground out 4-3 (Groundball, 4)
Batting: RHB Jorge Gutiérrez 0-0: Called Strike
0-1: Swinging Strike
0-2: Ball
1-2: Strikes out swinging, 2-3 out at first.
Batting: RHB Jorge Arreola 0-0: Ball
1-0: Called Strike
1-1: SINGLE (Groundball, 34D)
Batting: RHB Tomás Morán 0-0: Called Strike
0-1: Foul Ball, location: 2F
0-2: Ball
1-2: Strikes out swinging
Bottom of the 2nd over - 0 run(s), 1 hit(s), 0 error(s), 1 left on base; Highwood 0 - Walla Walla 0
TOP OF THE 3RD
Highwood Hawks batting - Pitching for Walla Walla Walleye : RHP Jesús Hernández
Batting: SHB Luis Manuel Flores 0-0: Foul Ball, location: 2F
0-1: Foul Ball, location: 2F
0-2: Ground out 6-3 (Groundball, 6M)
Batting: RHB Pepe Álvarez 0-0: Ball
1-0: Called Strike
1-1: Swinging Strike
1-2: Strikes out looking
Batting: LHB Errol Levick 0-0: Ball
1-0: Called Strike
1-1: SINGLE (Line Drive, 7LS)
Batting: RHB Marcox Fiadeiro 0-0: Foul Ball, location: 2F
0-1: Called Strike
0-2: Foul Ball, location: 2F
0-2: Ball
1-2: Strikes out swinging
Top of the 3rd over - 0 run(s), 1 hit(s), 0 error(s), 1 left on base; Highwood 0 - Walla Walla 0
BOTTOM OF THE 3RD
Walla Walla Walleye batting - Pitching for Highwood Hawks : RHP Tom Bass
Batting: RHB Fernando Gonzáles 0-0: Ball
1-0: Fly out, F7 (Flyball, 7S)
Batting: RHB Nathaniel Griffin 0-0: Ball
1-0: DOUBLE (Line Drive, 9LS)
Batting: RHB Warren Willis 0-0: Called Strike
0-1: Ball
1-1: Fly out, F4 (Popup, 4)
Batting: RHB Gaston Waller 0-0: Swinging Strike
0-1: Ball
1-1: Ball
2-1: Foul Ball, location: 2F
2-2: Foul Ball, location: 2F
2-2: Foul Ball, location: 2F
2-2: Foul Ball, location: 2F
2-2: Fly out, F8 (Flyball, 8LM)
Bottom of the 3rd over - 0 run(s), 1 hit(s), 0 error(s), 1 left on base; Highwood 0 - Walla Walla 0
TOP OF THE 4TH
Highwood Hawks batting - Pitching for Walla Walla Walleye : RHP Jesús Hernández
Batting: RHB Oscar Stephens 0-0: Ball
1-0: Swinging Strike
1-1: Ball
2-1: Swinging Strike
2-2: Ball
3-2: Strikes out looking
Batting: RHB Luis Jelarde 0-0: SINGLE (Groundball, 34D)
Batting: LHB Jeff Rutherford 0-0: Ball
1-0: Swinging Strike
1-1: Called Strike
1-2: Foul Ball, location: 2F
1-2: SINGLE (Line Drive, 56)
Luis Jelarde to second
Batting: RHB Geoffrey Broekhuizen 0-0: Ball
1-0: Foul Ball, location: 2F
1-1: Foul Ball, location: 2F
1-2: 3-RUN HOME RUN (Flyball, 78XD), Distance : 443 ft
Batting: RHB Derrek Church 0-0: SINGLE (Line Drive, 78S)
Batting: SHB Luis Manuel Flores 0-0: Ball
1-0: Called Strike
1-1: DOUBLE (Line Drive, 9LM)
Derrek Church to third
Runner from 3rd tries for Home, SAFE, throw made at trailing runner, OUT at third!
Batting: RHB Pepe Álvarez 0-0: Ball
1-0: Swinging Strike
1-1: Ball
2-1: TRIPLE (Flyball, 9LM)
Batting: LHB Errol Levick 0-0: Swinging Strike
0-1: Foul Ball, location: 2F
0-2: Foul Ball, location: 2F
0-2: Fly out, F9 (Line Drive, 89D)
Top of the 4th over - 4 run(s), 6 hit(s), 0 error(s), 1 left on base; Highwood 4 - Walla Walla 0
BOTTOM OF THE 4TH
Walla Walla Walleye batting - Pitching for Highwood Hawks : RHP Tom Bass
Batting: RHB Mario Piña 0-0: SINGLE (Line Drive, 89S)
Batting: RHB Hieu De 0-0: Ball
1-0: Called Strike
1-1: Ball
2-1: Ball
3-1: Foul Ball, location: 2F
3-2: Foul Ball, location: 2F
3-2: Grounds into double play, 4-6-3 (Groundball, 4)
Batting: RHB Jorge Gutiérrez 0-0: Ball
1-0: Foul Ball, location: 2F
1-1: Called Strike
1-2: Ground out 5-3 (Groundball, 5S)
Bottom of the 4th over - 0 run(s), 1 hit(s), 0 error(s), 0 left on base; Highwood 4 - Walla Walla 0
TOP OF THE 5TH
Highwood Hawks batting - Pitching for Walla Walla Walleye : RHP Jesús Hernández
Batting: RHB Marcox Fiadeiro 0-0: Ground out 4-3 (Groundball, 34)
Batting: RHB Oscar Stephens 0-0: Ball
1-0: Ball
2-0: Called Strike
2-1: Ball
3-1: Base on Balls
Batting: RHB Luis Jelarde 0-0: Called Strike
0-1: Called Strike
0-2: Foul Ball, location: 2F
0-2: SINGLE (Groundball, 56D)
Oscar Stephens to second
Batting: LHB Jeff Rutherford 0-0: Swinging Strike
0-1: Ball
1-1: Foul Ball, location: 2F
1-2: Ball
2-2: Foul Ball, location: 2F
2-2: Strikes out looking
Batting: RHB Geoffrey Broekhuizen 0-0: Called Strike
0-1: Ball
1-1: Ball
2-1: Ball
3-1: Base on Balls
Oscar Stephens to third
Luis Jelarde to second
Batting: RHB Derrek Church 0-0: Ball
1-0: Called Strike
1-1: Fly out, F5 (Line Drive, 5)
Top of the 5th over - 0 run(s), 1 hit(s), 0 error(s), 3 left on base; Highwood 4 - Walla Walla 0
BOTTOM OF THE 5TH
Walla Walla Walleye batting - Pitching for Highwood Hawks : RHP Tom Bass
Batting: RHB Jorge Arreola 0-0: Ball
1-0: Called Strike
1-1: Ball
2-1: SINGLE (Groundball, 56D)
Batting: RHB Tomás Morán 0-0: Foul Ball, location: 2F
0-1: Ground out 3-1 (Groundball, 34)
Jorge Arreola to second
Batting: RHB Fernando Gonzáles 0-0: Fly out, F9 (Flyball, 89M)
Batting: RHB Nathaniel Griffin 0-0: Ball
1-0: SINGLE (Line Drive, 4D)
Jorge Arreola to third
Runner from 3rd tries for Home, SAFE, no throw or cutoff
Batting: RHB Warren Willis 0-0: Called Strike
0-1: Swinging Strike
0-2: Ball
1-2: Ball
2-2: Foul Ball, location: 2F
2-2: Foul Ball, location: 2F
2-2: DOUBLE (Groundball, 3L)
Nathaniel Griffin to third
Batting: RHB Gaston Waller 0-0: Ball
1-0: Fly out, F3 (Popup, 3SF)
Bottom of the 5th over - 1 run(s), 3 hit(s), 0 error(s), 2 left on base; Highwood 4 - Walla Walla 1
TOP OF THE 6TH
Highwood Hawks batting - Pitching for Walla Walla Walleye : RHP Jesús Hernández
Batting: SHB Luis Manuel Flores 0-0: Called Strike
0-1: Called Strike
0-2: Ball
1-2: SINGLE (Flyball, 8LS)
Batting: RHB Pepe Álvarez 0-0: Ball
1-0: Bunted foul
1-1: Bunt missed!
1-2: SINGLE (Line Drive, 8RS)
Luis Manuel Flores to second
Batting: LHB Errol Levick 0-0: Called Strike
0-1: Ball
1-1: Ball
2-1: Sac Bunt - play at first, batter OUT! 1-4
Luis Manuel Flores to third
Pepe Álvarez to second
Batting: RHB Marcox Fiadeiro 0-0: Intentional Walk
Pitching: RHP Juan López
Batting: RHB Oscar Stephens 0-0: Ball
1-0: Foul Ball, location: 2F
1-1: Foul Ball, location: 2F
1-2: Ball
2-2: Ball
3-2: Fly out, F8 (Flyball, 8LM)
Runner from 3rd tags up, SCORES, no throw
Batting: RHB Luis Jelarde 0-0: Called Strike
0-1: Swinging Strike
0-2: Foul Ball, location: 2F
0-2: Strikes out swinging
Top of the 6th over - 1 run(s), 2 hit(s), 0 error(s), 2 left on base; Highwood 5 - Walla Walla 1
BOTTOM OF THE 6TH
Walla Walla Walleye batting - Pitching for Highwood Hawks : RHP Tom Bass
Batting: RHB Mario Piña 0-0: Fly out, F9 (Line Drive, 89S)
Batting: RHB Hieu De 0-0: Ground out 1-3 (Groundball, 23)
Batting: RHB Jorge Gutiérrez 0-0: Ball
1-0: Ground out 4-3 (Groundball, 4MS)
Bottom of the 6th over - 0 run(s), 0 hit(s), 0 error(s), 0 left on base; Highwood 5 - Walla Walla 1
TOP OF THE 7TH
Highwood Hawks batting - Pitching for Walla Walla Walleye : RHP Juan López
Batting: LHB Jeff Rutherford 0-0: Called Strike
0-1: Foul Ball, location: 2F
0-2: Foul Ball, location: 2F
0-2: DOUBLE (Line Drive, 5D)
Batting: RHB Geoffrey Broekhuizen 0-0: Ball
1-0: Called Strike
1-1: Ground out 4-3 (Groundball, 4M)
Jeff Rutherford to third
Batting: RHB Derrek Church 0-0: Intentional Walk
Batting: SHB Luis Manuel Flores 0-0: Ball
1-0: Ball
2-0: Ground out 4-3 (Groundball, 13)
Jeff Rutherford scores
Derrek Church to second
Batting: RHB Pepe Álvarez 0-0: Ball
1-0: Fly out, F4 (Line Drive, 4)
Top of the 7th over - 1 run(s), 1 hit(s), 0 error(s), 1 left on base; Highwood 6 - Walla Walla 1
BOTTOM OF THE 7TH
Walla Walla Walleye batting - Pitching for Highwood Hawks : RHP Tom Bass
Batting: RHB Jorge Arreola 0-0: Foul Ball, location: 2F
0-1: SINGLE (Groundball, 56)
Batting: RHB Tomás Morán 0-0: Called Strike
0-1: Called Strike
0-2: Ball
1-2: Strikes out swinging
Batting: RHB Fernando Gonzáles 0-0: Ball
1-0: Called Strike
1-1: Ball
2-1: Hit by Pitch
Jorge Arreola to second
Batting: RHB Nathaniel Griffin 0-0: SINGLE (Line Drive, 8RS)
Jorge Arreola to third
Fernando Gonzáles to second
Batting: RHB Warren Willis 0-0: Called Strike
0-1: SINGLE (Flyball, 6MD)
Jorge Arreola scores
Fernando Gonzáles to third
Nathaniel Griffin to second
Batting: RHB Gaston Waller 0-0: Foul Ball, location: 2F
0-1: Ball
1-1: Foul Ball, location: 2F
1-2: SINGLE (Groundball, 3D)
Fernando Gonzáles scores
Nathaniel Griffin to third
Warren Willis to second
Batting: RHB Mario Piña 0-0: Called Strike
0-1: Fielders Choice at 2nd, 5-4 (Groundball, 5)
Nathaniel Griffin scores
Warren Willis to third
Pinch Hitting: LHB Raúl Zamora 0-0: Called Strike
0-1: Ball
1-1: Swinging Strike
1-2: Ball
2-2: Strikes out looking
Bottom of the 7th over - 3 run(s), 4 hit(s), 0 error(s), 2 left on base; Highwood 6 - Walla Walla 4
TOP OF THE 8TH
Highwood Hawks batting - Pitching for Walla Walla Walleye : RHP Juan López
Now at 1B: Pedro Moravia
Batting: LHB Errol Levick 0-0: Ball
1-0: Called Strike
1-1: Called Strike
1-2: Foul Ball, location: 2F
1-2: Foul Ball, location: 2F
1-2: Ball
2-2: Strikes out swinging
Batting: RHB Marcox Fiadeiro 0-0: Ball
1-0: Ball
2-0: Ground out 5-3 (Groundball, 5L)
Batting: RHB Oscar Stephens 0-0: Ball
1-0: Swinging Strike
1-1: Ball
2-1: Ball
3-1: Fly out, F4 (Popup, 34D)
Top of the 8th over - 0 run(s), 0 hit(s), 0 error(s), 0 left on base; Highwood 6 - Walla Walla 4
BOTTOM OF THE 8TH
Walla Walla Walleye batting - Pitching for Highwood Hawks : RHP Tom Bass
Batting: RHB Jorge Gutiérrez 0-0: Ball
1-0: SINGLE (Line Drive, 89M)
Batting: RHB Jorge Arreola 0-0: Called Strike
0-1: Fly out, F7 (Flyball, 7M)
Batting: RHB Tomás Morán 0-0: Called Strike
0-1: Fielders Choice at 2nd, 6-4 (Groundball, 6)
Batting: RHB Fernando Gonzáles 0-0: Foul Ball, location: 2F
0-1: Ball
1-1: Ball
2-1: Fly out, F2 (Popup, 2LF)
Bottom of the 8th over - 0 run(s), 1 hit(s), 0 error(s), 1 left on base; Highwood 6 - Walla Walla 4
TOP OF THE 9TH
Highwood Hawks batting - Pitching for Walla Walla Walleye : RHP Juan López
Batting: RHB Luis Jelarde 0-0: Ball
1-0: Ball
2-0: Foul Ball, location: 2F
2-1: Ball
3-1: Base on Balls
Batting: LHB Jeff Rutherford 0-0: Swinging Strike
0-1: Grounds into double play, 3-6-1 (Groundball, 3)
Batting: RHB Geoffrey Broekhuizen 0-0: Ground out 6-3 (Groundball, 6M)
Top of the 9th over - 0 run(s), 0 hit(s), 0 error(s), 0 left on base; Highwood 6 - Walla Walla 4
BOTTOM OF THE 9TH
Walla Walla Walleye batting - Pitching for Highwood Hawks : RHP Tom Bass
Pitching: RHP Manuel Vázquez
Batting: RHB Nathaniel Griffin 0-0: Ball
1-0: Ball
2-0: Called Strike
2-1: Ball
3-1: Foul Ball, location: 2F
3-2: Foul Ball, location: 2F
3-2: Strikes out looking
Batting: RHB Warren Willis 0-0: Ball
1-0: Called Strike
1-1: Foul Ball, location: 2F
1-2: Ball
2-2: Foul Ball, location: 2F
2-2: Fly out, F9 (Flyball, 9M)
Batting: RHB Gaston Waller 0-0: Ball
1-0: Ball
2-0: Foul Ball, location: 2F
2-1: Ground out U3 (Groundball, 3L)
Bottom of the 9th over - 0 run(s), 0 hit(s), 0 error(s), 0 left on base; Highwood 6 - Walla Walla 4
This league is powered by Out of the Park Baseball, the baseball management simulation game for PC, Mac and Linux
Friday, April 15th, 2016 - OOTP Baseball 16.9 Build 39